 Dungeon Crawl Stone Soup version 0.31.0-1-g2c135a008e (webtiles) character file.

Game seed: 13447421370942467760

364 qw the Shooter (level 7, -3/52 HPs)
             Began as a Djinni Hunter on Jan 24, 2024.
             Killed from afar by Blork the orc (8 damage)
             ... with a magic dart
             ... on level 4 of the Dungeon.
             The game lasted 00:00:14 (3172 turns).

qw the Shooter (Djinni Hunter)                      Turns: 3172, Time: 00:00:15

Health: -3/52      AC:  4    Str: 10    XL:     7   Next: 0%
Gold:   225        EV: 12    Int: 11    God:
                   SH:  0    Dex: 18

rFire   + + .        a - +1 shortbow
rCold   x . .        (shield currently unavailable)
rNeg    . . .        c - +0 leather armour
rPois   inf          (no helmet)
rElec   .            i - +0 cloak
rCorr   .            (no gloves)
SInv    .            (boots unavailable)
Will    .....        (no amulet)
Stlth   ++           (no ring)
HPRegen 0.28/turn    (no ring)
MPRegen 0.00/turn

%: infuse magic (-4 HP)
@: about to teleport, flying
A: sickness immunity, fire resistance 2, cold vulnerability 1, float, innate
caster, HP casting, extra vitality 1
a: no special abilities


You were on level 4 of the Dungeon.
You visited 1 branch of the dungeon, and saw 4 of its levels.

You collected 225 gold pieces.


Innate Abilities, Weirdness & Mutations

You are immune to sickness and miasma.
You are immune to poison.
Your flesh is very heat resistant. (rF++)
You are vulnerable to cold. (rC-)
You float through the air rather than walking.
You learn spells naturally, not from books.
Your magical power is your life essence.
You have superior vitality. (+4 MHP)


   Skills:
 - Level 4.0 Fighting
 + Level 5.2 Ranged Weapons
 - Level 1.3 Armour
 - Level 3.0 Dodging
 - Level 0.7 Stealth


You knew the following spells:

 Your Spells              Type           Power      Damage    Failure   Level
a - Sting                 Conj/Alch      0%         1d3       43%         1
b - Static Discharge      Conj/Air       0%         3-3/arc   56%         2
c - Vampiric Draining     Necr           0%         2d6       80%         3
Your spell library was empty.

Inventory:

Hand Weapons
 a - a +1 shortbow (weapon)
Armour
 b - the +3 ring mail "Zoucur" {Harm Dex+2}
   (You found it on level 3 of the Dungeon)

   Dex+2:     It affects your dexterity (+2).
   Harm:      It increases damage dealt and taken.
 c - a +0 leather armour (worn)
 d - a +0 ring mail
 i - a +0 cloak (worn)
Jewellery
 e - a ring of resist corrosion
Wands
 g - a wand of roots (6)
Scrolls
 h - a scroll of revelation {unknown}
 j - a scroll of identify

Dungeon Overview and Level Annotations

Branches:
Dungeon (4/15)
 Temple: D:4-7

Altars:

Annotations:
D:3 2 runed translucent doors, qw's ghost, amateur DjHu
D:4 Blork the orc


Message History

You shoot an arrow. The arrow barely misses Blork the orc.
Blork the orc points at you and mumbles some strange words.
The puff of frost hits you!
You feel a terrible chill!
You shoot an arrow. The arrow hits Blork the orc!
Blork the orc is moderately wounded.
You shoot an arrow. The arrow barely misses Blork the orc.
You shoot an arrow.
The arrow hits Blork the orc but does no damage.
Blork the orc is moderately wounded.
A goblin comes into view. It is wielding a +0 club.
Blork the orc grins evilly.
You shoot an arrow. The arrow hits Blork the orc.
Blork the orc is moderately wounded.
Blork the orc hits you with a +2 antimagic mace.
You shoot an arrow. The arrow hits Blork the orc.
Blork the orc is heavily wounded.
Blork the orc misses you.
You shoot an arrow. The arrow hits Blork the orc.
Blork the orc is heavily wounded.
Blork the orc hits you with a +2 antimagic mace.
Blork the orc hits you with a +2 antimagic mace!
You shoot an arrow. The arrow closely misses Blork the orc.
The arrow hits the goblin.
The goblin is moderately wounded.
Blork the orc closely misses you.
You shoot an arrow. The arrow closely misses Blork the orc.
The arrow closely misses the goblin.
Blork the orc hits you with a +2 antimagic mace!
You shoot an arrow. The arrow hits Blork the orc.
Blork the orc is severely wounded.
Blork the orc points at you and mumbles some strange words.
The puff of frost hits you!
You feel a terrible chill! The goblin barely misses you.
3172 ||| READING scroll of teleportation.
As you read the scroll of teleportation, it crumbles to dust.
You feel strangely unstable. The goblin barely misses you.
Blork the orc points at you and mumbles some strange words.
The magic dart hits you!
You die...

#......... #........#
#........# ..
#........##..
#.........$..
#............ ###
#....og...... ##..
#....@....... ....
#.....................
#.........####......#.
#...................#.
####...####...........#.
#......# #...........#.
#......# #...........#.
#......# #...........#.
####...# #...........#.


You could see Blork the orc and a goblin.

Vanquished Creatures
  A bombardier beetle (D:4)
  A jelly (D:3)
  An orc priest (D:4)
  An iguana (D:4)
  An orc wizard (D:4)
  4 gnolls (D:2)
  8 adders
  A ribbon worm (D:2)
  3 dart slugs (D:2)
  12 orcs (D:4)
  3 bats
  7 endoplasms
  A giant cockroach (D:4)
  8 goblins
  4 hobgoblins
  11 jackals
  3 quokkas (D:2)
  11 ball pythons
  5 frilled lizards
  9 kobolds
  3 rats
98 creatures vanquished.

Notes
Turn   | Place    | Note
-------+----------+-------------------------------------------
     0 | D:1      | qw the Djinni Hunter began the quest for the Orb.
     0 | D:1      | Reached XP level 1. HP: 18/18 MP: 0/0
     0 | D:1      | 0 ||| qw: Version: 0.3-a-136-gdd3b4e8
     0 | D:1      | 0 ||| qw: Game counter: 1273
     0 | D:1      | 0 ||| qw: Melee chars always use a shield: true
     0 | D:1      | 0 ||| qw: God list: Okawaru
     0 | D:1      | 0 ||| qw: Allow faded altars: false
     0 | D:1      | 0 ||| qw: Do Orc after clearing Dungeon:15 true
     0 | D:1      | 0 ||| qw: Do second Lair branch before Depths: true
     0 | D:1      | 0 ||| qw: Lair rune preference: random
     0 | D:1      | 0 ||| qw: Goals: Normal
     0 | D:1      | 0 ||| PLANNING D:1-11
    40 | D:1      | Reached XP level 2. HP: 23/23 MP: 0/0
   220 | D:1      | Reached XP level 3. HP: 28/28 MP: 0/0
   220 | D:1      | Learned a level 1 spell: Sting
   221 | D:1      | Reached skill level 4 in Ranged Weapons
   663 | D:1      | 663 ||| READING scroll labelled OCVIKU REIFAAZ.
   764 | D:1      | 764 ||| READING scroll labelled OLOSAARGHYR.
   765 | D:1      | 765 ||| READING scroll labelled LASTUY FEFEAPA.
   766 | D:1      | 766 ||| READING 3 scrolls labelled FAFIATZETO.
   767 | D:1      | 767 ||| READING scroll labelled QUANYO GISKIPN.
   771 | D:1      | 771 ||| DRINKING 2 fuming dark potions.
   772 | D:1      | 772 ||| DROPPING scroll of butterflies.
   773 | D:1      | 773 ||| DROPPING 2 scrolls of amnesia.
   774 | D:1      | 774 ||| DROPPING potion of invisibility.
   925 | D:2      | Reached XP level 4. HP: 34/34 MP: 0/0
   962 | D:2      | Reached skill level 3 in Fighting
   994 | D:2      | 994 ||| RETREEEEATING.
   999 | D:2      | 999 ||| FLEEEEING.
  1000 | D:2      | 1000 ||| FLEEEEING.
  1001 | D:2      | 1001 ||| FLEEEEING.
  1002 | D:2      | 1002 ||| FLEEEEING.
  1003 | D:2      | 1003 ||| FLEEEEING.
  1004 | D:2      | 1004 ||| FLEEEEING.
  1005 | D:2      | 1005 ||| FLEEEEING.
  1006 | D:2      | 1006 ||| FLEEEEING.
  1007 | D:2      | 1007 ||| FLEEEEING.
  1008 | D:2      | 1008 ||| FLEEEEING.
  1009 | D:2      | 1009 ||| FLEEEEING.
  1010 | D:2      | 1010 ||| FLEEEEING.
  1011 | D:2      | 1011 ||| FLEEEEING.
  1012 | D:2      | 1012 ||| FLEEEEING.
  1014 | D:2      | 1014 ||| FLEEEEING.
  1015 | D:2      | 1015 ||| FLEEEEING.
  1016 | D:2      | 1016 ||| FLEEEEING.
  1017 | D:2      | 1017 ||| FLEEEEING.
  1018 | D:2      | 1018 ||| FLEEEEING.
  1028 | D:2      | 1028 ||| FLEEEEING.
  1029 | D:2      | 1029 ||| FLEEEEING.
  1030 | D:2      | 1030 ||| FLEEEEING.
  1031 | D:2      | 1031 ||| FLEEEEING.
  1032 | D:2      | 1032 ||| FLEEEEING.
  1033 | D:2      | 1033 ||| FLEEEEING.
  1034 | D:2      | 1034 ||| FLEEEEING.
  1035 | D:2      | 1035 ||| FLEEEEING.
  1036 | D:2      | 1036 ||| FLEEEEING.
  1037 | D:2      | 1037 ||| FLEEEEING.
  1038 | D:2      | 1038 ||| FLEEEEING.
  1039 | D:2      | 1039 ||| FLEEEEING.
  1040 | D:2      | 1040 ||| FLEEEEING.
  1045 | D:2      | Reached skill level 3 in Dodging
  1067 | D:2      | 1067 ||| FLEEEEING.
  1090 | D:2      | 1090 ||| FLEEEEING.
  1109 | D:2      | Reached XP level 5. HP: 14/40 MP: 0/0
  1109 | D:2      | Learned a level 2 spell: Static Discharge
  1368 | D:2      | 1368 ||| FLEEEEING.
  1369 | D:2      | 1369 ||| FLEEEEING.
  1370 | D:2      | 1370 ||| FLEEEEING.
  1371 | D:2      | 1371 ||| FLEEEEING.
  1372 | D:2      | 1372 ||| FLEEEEING.
  1375 | D:2      | 1375 ||| FLEEEEING.
  1376 | D:2      | 1376 ||| FLEEEEING.
  1377 | D:2      | 1377 ||| FLEEEEING.
  1378 | D:2      | 1378 ||| FLEEEEING.
  1379 | D:2      | 1379 ||| FLEEEEING.
  1380 | D:2      | 1380 ||| FLEEEEING.
  1381 | D:2      | 1381 ||| FLEEEEING.
  1382 | D:2      | 1382 ||| FLEEEEING.
  1383 | D:2      | 1383 ||| FLEEEEING.
  1384 | D:2      | 1384 ||| FLEEEEING.
  1385 | D:2      | 1385 ||| FLEEEEING.
  1386 | D:2      | 1386 ||| FLEEEEING.
  1387 | D:2      | 1387 ||| FLEEEEING.
  1388 | D:2      | 1388 ||| FLEEEEING.
  1389 | D:2      | 1389 ||| FLEEEEING.
  1390 | D:2      | 1390 ||| FLEEEEING.
  1391 | D:2      | 1391 ||| FLEEEEING.
  1856 | D:2      | 1856 ||| UPGRADING to +0 cloak.
  1861 | D:2      | 1861 ||| DROPPING ring of wizardry.
  1862 | D:2      | 1862 ||| READING scroll labelled ZANNINKOZE.
  1862 | D:2      | 1862 ||| ENCHANTING +0 shortbow.
  1863 | D:2      | 1863 ||| READING scroll labelled DIANYPH SIAGITH.
  1864 | D:2      | 1864 ||| READING 2 scrolls labelled NESCHA TEZURCH.
  1864 | D:2      | 1864 ||| IDENTIFYING sapphire potion
  1865 | D:2      | 1865 ||| READING scroll of identify.
  1865 | D:2      | 1865 ||| IDENTIFYING 2 fuming amethyst potions
  1866 | D:2      | 1866 ||| DRINKING 2 potions of mutation.
  1866 | D:2      | Gained mutation: You are covered in fur. (AC +1) [potion of
                  | mutation]
  1867 | D:2      | 1867 ||| DRINKING potion of mutation.
  1867 | D:2      | Lost mutation: You are covered in fur. (AC +1) [potion of
                  | mutation]
  1868 | D:2      | 1868 ||| DROPPING potion of attraction.
  1883 | D:3      | 1883 ||| STAIRDANCE
  1918 | D:3      | Identified the +3 ring mail "Zoucur" {Harm Dex+2}
  2129 | D:3      | Reached XP level 6. HP: 46/46 MP: 0/0
  2160 | D:3      | Found a runed translucent door.
  2163 | D:3      | Noticed qw's ghost (amateur DjHu)
  2252 | D:3      | Found a runed translucent door.
  2513 | D:3      | 2513 ||| READING scroll of identify.
  2513 | D:3      | 2513 ||| IDENTIFYING orange potion
  2523 | D:4      | 2523 ||| PLANNING SEWER
  2533 | D:4      | Reached skill level 5 in Ranged Weapons
  2561 | D:4      | Reached skill level 1 in Armour
  2565 | D:4      | 2565 ||| DRINKING potion of curing.
  2565 | D:4      | 2565 ||| (to cure confusion)
  2578 | D:4      | HP: 9/46 [orc/+0 dagger (3)]
  2589 | D:4      | HP: 5/46 [orc wizard/+0 dagger (4)]
  3158 | D:4      | Identified the +0 ring mail "Lioblid" {Fly Int-4 Slay+5}
  3159 | D:4      | 3159 ||| RIP SEWER
  3159 | D:4      | Noticed Blork the orc
  3160 | D:4      | 3160 ||| PLANNING D:1-11
  3161 | D:4      | Reached XP level 7. HP: 52/52 MP: 0/0
  3161 | D:4      | Learned a level 3 spell: Vampiric Draining
  3171 | D:4      | HP: 4/52 [Blork the orc/puff of frost (15)]
  3172 | D:4      | 3172 ||| READING scroll of teleportation.
  3172 | D:4      | Killed from afar by Blork the orc

Levels and vault maps discovered:
D:1:      amcnicky_arrival_single_pillar, layout_loops_ring
D:2:      layout_loops_ring
D:3:      layout_loops_cross, ebering_ghost_sewer_f
D:4:      layout_basic, portal_sewer_entry_d, uniq_blork_the_orc

Skill      XL: |  1  2  3  4  5  6 |
---------------+-------------------+-----
Ranged Weapons | 4 5 |  5.2
Fighting       | 3 4 |  4.0
Dodging        | 3 |  3.0
Armour         | 1 |  1.3
Stealth        | |  0.7

Action                     |  1- 3 |  4- 6 |  7- 9 || total
---------------------------+-------+-------+-------++-------
   Fire: Shortbow          |    89 |   235 |    11 ||   335
    Use: Scroll            |     5 |     5 |     1 ||    11
         Potion            |     1 |     3 |       ||     4
 Armour: Leather armour    |     8 |    93 |     7 ||   108
  Dodge: Dodged            |    24 |   100 |     4 ||   128

Table legend:
 A = Non-vault XP
 B = Vault XP
 C = Vault XP percentage of total XP
 D = Non-vault monster count
 E = Vault monster count
 F = Vault count percentage of total count
                 A         B        C        D         E       F
            +---------+---------+-------+---------+---------+-------
      Total |     507 |      13 |   2.5 |      97 |       1 |   1.0
            +---------+---------+-------+---------+---------+-------
        D:1 |      46 |       0 |   0.0 |      29 |       0 |   0.0
        D:2 |     155 |       0 |   0.0 |      29 |       0 |   0.0
        D:3 |      71 |       0 |   0.0 |      12 |       0 |   0.0
        D:4 |     235 |      13 |   5.2 |      27 |       1 |   3.6
            +---------+---------+-------+---------+---------+-------
